 Dungeon Crawl Stone Soup version 0.21-a0-227-g58a7c62 (webtiles) character file.

106 Goblin1989 the Sneak (level 4, -7/33 HPs)
             Began as a Demonspawn Assassin on Aug 30, 2017.
             Killed from afar by an orc wizard (8 damage)
             ... with a magic dart
             ... on level 3 of the Dungeon.
             The game lasted 00:08:49 (2614 turns).

Goblin1989 the Sneak (Demonspawn Assassin)          Turns: 2614, Time: 00:08:51

Health: -7/33      AC:  3    Str: 11    XL:     4   Next: 55%
Magic:  4/4        EV:  9    Int: 12    God:
Gold:   136        SH:  8    Dex: 16    Spells: 3/3 levels left

rFire    . . .     SeeInvis .   a - +2 dagger
rCold    . . .     Gourm    .   z - +0 shield
rNeg     . . .     Faith    .   c - +0 robe
rPois    .         Spirit   .   (helmet restricted)
rElec    .         Reflect  .   d - +0 cloak
rCorr    .         Harm     .   (no gloves)
MR       .....                  (no boots)
Stlth    +++.......             (no amulet)
HPRegen  0.11/turn              (no ring)
MPRegen  0.09/turn              (no ring)

@: lethally poisoned (-7 -> -9)
A: antennae 2
a: no special abilities


You were on level 3 of the Dungeon.
You were not hungry.

You visited 1 branch of the dungeon, and saw 3 of its levels.

You collected 136 gold pieces.

Inventory:

Hand Weapons
 a - a +2 dagger (weapon)
 w - a +0 blowgun {@w1}
Missiles
 f - 2 curare-tipped needles
 g - 8 poisoned needles
 A - 76 stones (quivered)
 E - 23 bolts
 G - 8 arrows
 Z - a throwing net {!d}
Armour
 c - a +0 robe (worn)
 d - a +0 cloak (worn)
 z - a +0 shield (worn)
Scrolls
 y - a scroll of immolation {unknown}
 B - a scroll of amnesia {unknown}
 C - 2 scrolls of remove curse {unknown}
 D - 3 scrolls of identify {unknown}
 H - 3 scrolls of random uselessness {unknown}
 K - a scroll of fog {unknown}
 N - a scroll of fear {unknown}
Potions
 v - a potion of flight {unknown}
Comestibles
 e - a bread ration {@e1}
 t - a royal jelly
 I - 4 chunks of flesh
 M - a meat ration {@e2}


   Skills:
 + Level 2.2 Fighting
 * Level 3.1 Short Blades
 - Level 1.7 Throwing
 + Level 1.2 Dodging
 + Level 3.7 Stealth
 + Level 2.3 Shields


You had 3 spell levels left.
You didn't know any spells.

Dungeon Overview and Level Annotations

Branches:
Dungeon (3/15)

Altars:
Okawaru
Xom


Innate Abilities, Weirdness & Mutations

You have a pair of antennae on your head.


Message History

You feel sick. The adder barely misses you.
You take 1 damage, and have 11/33 hp.
Unknown command.
You feel much better.
You feel sick. The adder bites you.
You regained 16 hp, and now have 27/33 hp.
You barely miss the adder.
The adder is almost dead.
You feel sick. You block the adder's attack.
The orc hits you from afar with a trident.
You block the adder's attack.
You take 3 damage, and have 24/33 hp.
You closely miss the adder.
The adder is almost dead.
You feel sick. The adder bites you but does no damage.
The orc hits you from afar with a trident.
You take 6 damage, and have 18/33 hp.
Unknown command.
You hit the adder.
You kill the adder!
The orc hits you from afar with a trident!
* * * LOW HITPOINT WARNING * * *
You take 8 damage, and have 10/33 hp.
MASSIVE DAMAGE!!
Unknown command.
It was a potion of lignification.
You turn into a tree.
Your +0 cloak melds into your body.
Your +0 robe melds into your body.
Your roots penetrate the ground.
You feel sick. The orc hits you but does no damage. x2
You now have 14/49 hp.
You hit the orc but do no damage.
You feel sick. The orc hits you but does no damage. x2
You take 1 damage, and have 13/49 hp.
You closely miss the orc.
You feel sick. The orc hits you but does no damage.
You take 1 damage, and have 12/49 hp.
You barely miss the orc.
You feel sick. The orc hits you but does no damage.
The orc wizard casts a spell.
The orc wizard seems to speed up.
The orc hits you but does no damage.
You take 1 damage, and have 11/49 hp.
You hit the orc.
The orc is heavily wounded.
The orc hits you but does no damage. x2
You barely miss the orc.
The orc is heavily wounded.
You feel sick. The orc hits you but does no damage. x2
Your shield prevents you from hitting the orc.
The orc is heavily wounded.
You feel sick. You block the orc's attack. The orc hits you but does no damage.
You take 1 damage, and have 10/49 hp.
You hit the orc but do no damage.
The orc is heavily wounded.
You block the orc's attack. x2
You hit the orc.
The orc is severely wounded.
You feel sick. You block the orc's attack. x2
You take 1 damage, and have 9/49 hp.
You hit the orc but do no damage.
The orc is severely wounded.
You closely miss the orc.
The orc is severely wounded.
You feel sick. You block the orc's attack. The orc hits you but does no damage.
You take 1 damage, and have 8/49 hp.
You completely miss the orc.
The orc is severely wounded.
The orc hits you but does no damage. x2
You hit the orc but do no damage.
The orc is severely wounded.
You block the orc's attack. The orc hits you but does no damage.
You hit the orc.
You kill the orc!
You feel sick. You block the orc's attack.
You take 1 damage, and have 8/49 hp.
You hit the orc wizard.
The orc wizard is lightly wounded.
The orc wizard points at you and mumbles some strange words.
The magic dart hits you! The orc hits you but does no damage.
The orc wizard hits you but does no damage.
You closely miss the orc wizard.
The orc wizard is lightly wounded.
You feel sick. The orc wizard casts a spell at you. The magic dart hits you!
You take 1 damage, and have 7/49 hp.
You hit the orc wizard.
The orc wizard is heavily wounded.
You block the orc's attack. You block the orc wizard's attack.
You barely miss the orc wizard.
The orc wizard is heavily wounded.
The orc wizard gestures at you while chanting.
The magic dart hits you!
The orc hits you from afar with a trident.
* * * LOW HITPOINT WARNING * * *
The orc wizard hits you but does no damage.
You take 5 damage, and have 2/49 hp.
It was a potion of cancellation.
Your magical effects are unravelling.
You feel magically purged.
You feel less wooden.
Your +0 cloak unmelds from your body.
Your +0 robe unmelds from your body.
The orc wizard casts a spell at you. The magic dart hits you!
You die...

█.....█ ..█
█.....██.██
█o█..... █.█...
█ ████.█.████..
█...........█
█.██........██
█.███o.██.█..
█..@oo.......
█..██.█.█.█.█
█..███...██.█
█..████.███.█
█...<...[...█
██.██...........
█..............
████...█.██████
██.^█.█


You could see an orc wizard and 2 orcs.

Vanquished Creatures
  3 gnolls (D:3)
  2 adders (D:3)
  3 worms (D:2)
  A dart slug (D:2)
  3 leopard geckos
  3 orcs (D:3)
  2 bats (D:2)
  2 giant cockroaches (D:2)
  3 goblins
  6 hobgoblins
  3 jackals (D:2)
  A quokka (D:2)
  2 ball pythons
  2 frilled lizards
  7 rats
43 creatures vanquished.

Notes
Turn   | Place    | Note
-------+----------+-------------------------------------------
     0 | D:1      | Goblin1989 the Demonspawn Assassin began the quest for the Orb.
     0 | D:1      | Reached XP level 1. HP: 16/16 MP: 1/1
  1104 | D:2      | Gained mutation: You have a pair of small antennae on your head. [demonic ancestry]
  1104 | D:2      | Reached XP level 2. HP: 18/22 MP: 2/2
  1117 | D:2      | Found a shimmering altar of Xom.
  1196 | D:2      | Reached skill level 1 in Shields
  1723 | D:2      | Gained mutation: You have a pair of antennae on your head. [demonic ancestry]
  1723 | D:2      | Reached XP level 3. HP: 21/27 MP: 3/3
  1757 | D:2      | Upgraded the game from 0.21-a0-225-g207ae17 to 0.21-a0-227-g58a7c62
  2299 | D:3      | Reached skill level 1 in Dodging
  2299 | D:3      | Reached XP level 4. HP: 27/33 MP: 4/4
  2566 | D:3      | Found an iron altar of Okawaru.
  2613 | D:3      | HP: 2/49 [orc/trident (5)]
  2614 | D:3      | Killed from afar by an orc wizard

Vault maps used:
D:1:      minmay_arrival_up_and_down
D:2:      xom_teletrap_fun, grunt_ministairs_4
D:3:      okawaru_gym_becter

Skill      XL: |  1  2  3 |
---------------+----------+-----
Short Blades   | 2 3 |  3.1
Shields        | 1 2 |  2.3
Dodging        | 1 |  1.2
Fighting       | |  2.2
Throwing       | |  1.7
Stealth        | |  3.7

Action                   |  1- 3 |  4- 6 || total
-------------------------+-------+-------++-------
Melee: Dagger            |   121 |    47 ||   168
 Fire: Blowgun           |     9 |       ||     9
  Use: Potion            |       |     4 ||     4
 Stab: Sleeping          |     3 |       ||     3
  Eat: Chunk             |     4 |     1 ||     5
Armor: Robe              |    21 |     3 ||    24
       Skin              |       |    18 ||    18
Dodge: Dodged            |    29 |    11 ||    40
Block: Shield            |    34 |    22 ||    56

Table legend:
 A = Spawn XP
 B = Non-spawn XP
 C = Spawn XP percentage of total XP
 D = Spawn monster count
 E = Non-spawn monster count
 F = Spawn count percentage of total count
 G = Total turns spent on level
                    A         B        C        D         E        F      G
               +---------+---------+-------+---------+---------+-------+---------
         Total |      19 |     133 |  12.5 |       7 |      36 |  16.3 |  2614
               +---------+---------+-------+---------+---------+-------+---------
           D:1 |       2 |       9 |  18.2 |       1 |       5 |  16.7 |  1088
           D:2 |      17 |      42 |  28.8 |       6 |      21 |  22.2 |  1150
           D:3 |       0 |      82 |   0.0 |       0 |      10 |   0.0 |   376
               +---------+---------+-------+---------+---------+-------+---------

Vault maps used:
D:1:      minmay_arrival_up_and_down
D:2:      xom_teletrap_fun, grunt_ministairs_4
D:3:      okawaru_gym_becter
